 Dungeon Crawl Stone Soup version 0.31-a0-18-gea43df2a32 (webtiles) character file.

Game seed: 7701435283804729015

5918 bande the Cleaver (level 10, -2/61 HPs)
             Began as a Gargoyle Fighter on May 10, 2023.
             Was a High Priest of Okawaru.
             Slain by an orc warlord
             ... wielding a +6 battleaxe
              (9 damage)
             ... in a bailey.
             The game lasted 00:16:13 (8388 turns).

bande the Cleaver (Gargoyle Fighter)                Turns: 8388, Time: 00:16:14

Health: -2/61      AC: 23    Str: 24    XL:     10   Next: 83%
Magic:  10/14      EV:  9    Int:  9    God:    Okawaru [*****.]
Gold:   773        SH:  0    Dex: 13    Spells: 7/9 levels left

rFire   . . .        g - +5 broad axe "Goblinslayer" {flame, rN+ Str+4}
rCold   . . .        c - +0 buckler
rNeg    + + .        y - +6 scale mail of Okawaru, Grinning {+Inv rPois Will+ Stlth+}
rPois   ∞            (no helmet)
rElec   +            (no cloak)
rCorr   .            e - +1 pair of gloves {infuse}
SInv    .            (no boots)
Will    ++...        o - amulet of faith Stlth
                     u - ring of willpower
HPRegen 0.30/turn    (no ring)
MPRegen 0.14/turn

%: faith, infuse magic (1 MP)
@: confused, mighty, ambrosia-drunk, studying Armour
A: sickness immunity, AC +7, negative energy resistance 1, electricity
resistance, torment resistance 1, petrification resistance
a: Renounce Religion, Evoke Invisibility, Heroism, Finesse, Duel


You were in a bailey.
You worshipped Okawaru.
Okawaru was extremely pleased with you.
You visited 2 branches of the dungeon, and saw 10 of its levels.
You also visited: Ossuary and Bailey.

You collected 773 gold pieces.

Inventory:

Hand Weapons
 g - the +5 broad axe "Goblinslayer" (weapon) {flame, rN+ Str+4}
   (You acquired it on level 4 of the Dungeon)

   Str:       It affects your strength (+4).
   rN:        It protects you from negative energy.
 q - a +0 broad axe of chaos
Missiles
 i - 2 throwing nets (quivered)
Armour
 c - a +0 buckler (worn)
 e - a +1 pair of gloves of infusion (worn)
 y - the +6 scale mail of Okawaru, Grinning (worn) {+Inv rPois Will+ Stlth+}
   (Okawaru gifted it to you on level 9 of the Dungeon)

   rPois:     It protects you from poison.
   +Inv:      It lets you turn invisible.
   Will:      It increases your willpower.
   Stlth:     It makes you more stealthy.
Jewellery
 o - an amulet of faith (around neck)
 u - a ring of willpower (left hand)
 v - a ring of ice
 x - a ring of fire
Wands
 p - a wand of light (5)
 r - a wand of flame (20)
 s - a wand of roots (8)
 A - a wand of paralysis (5)
Scrolls
 h - 3 scrolls of enchant weapon
 k - 3 scrolls of teleportation
 l - 2 scrolls of summoning
 t - a scroll of fog
 w - 2 scrolls of amnesia
 D - a scroll of magic mapping
 G - 5 scrolls of fear
 H - a scroll of poison
Potions
 d - 2 potions of might
 f - 4 potions of invisibility
 j - 6 potions of curing
 m - 4 potions of mutation
 n - a potion of resistance
 z - 2 potions of flight
 B - 3 potions of cancellation
 E - a potion of lignification {unknown}
 F - a potion of haste {unknown}


   Skills:
 + Level 6.6 Fighting
 + Level 8.8 Axes
 + Level 7.1 Armour
 + Level 5.2 Shields
 * Level 5.2 Translocations
 * Level 5.3 Invocations
 * Level 4.8 Evocations


You had 7 spell levels left.
You knew the following spells:

 Your Spells              Type           Power      Damage    Failure   Level
a - Blink                 Tloc           18%        N/A       19%         2

Your spell library contained the following spells:

 Spells                   Type           Power      Damage    Failure   Level
 Apportation              Tloc           18%        N/A       12%         1
 Lesser Beckoning         Tloc           18%        N/A       19%         2
 Gell's Gravitas          Tloc           9%         N/A       36%         3
 Teleport Other           Tloc           9%         N/A       36%         3
 Magic Dart               Conj           0%         1d3       71%         1
 Manifold Assault         Tloc           9%         N/A       77%         4
 Mephitic Cloud           Conj/Pois/Air  0%         N/A       97%         3
 Alistair's Intoxication  Tmut/Pois      0%         N/A       100%        5
 Blade Hands              Tmut           0%         N/A       100%        5
 Iron Shot                Conj/Erth      0%         9d1       100%        6
 Storm Form               Tmut/Air       0%         N/A       100%        7
 Call Imp                 Summ           Unusable   N/A       N/A         2
 Animate Armour           Summ/Erth      Unusable   N/A       N/A         4

Dungeon Overview and Level Annotations

Branches:
Dungeon (9/15)             Temple (1/1) D:5            Lair (0/5) D:9
Ossuary (visited)          Bailey (1/1)
    Orc: D:9-12

Altars:
Ashenzari
Cheibriados
Dithmenos
Elyvilon
Fedhas
Gozag
Hepliaklqana
Kikubaaqudgha
Makhleb
Nemelex Xobeh
Okawaru
Ru
Sif Muna
Trog
Uskayaw
Vehumet
Wu Jian
Xom
Yredelemnul
Zin
The Shining One


Innate Abilities, Weirdness & Mutations

You are immune to sickness and miasma.
Your stone body is resilient. (AC +7)
You are immune to poison.
You resist negative energy. (rN+)
You are resistant to electric shocks. (rElec)
You are resistant to unholy torment.
You are immune to petrification.


Message History

The orc warlord roars a battlecry!
The orc goes into a battle-frenzy!
You hit the orc warlord. You burn the orc warlord.
The orc warlord is lightly wounded.
The orc warlord roars a battlecry!
The orc warrior goes into a battle-frenzy!
You hit the orc warlord. You burn the orc warlord.
The orc warlord is lightly wounded.
You block the orc warlord's attack.
You slice the orc warlord!! You burn the orc warlord!
The orc warlord is heavily wounded.
You closely miss the orc.
The orc warrior no longer looks unusually strong.
The orc roars loudly, as Orcs often do.
The orc closely misses you. You block the orc warlord's attack.
The orc warlord hits you with a +6 battleaxe!!
You feel very mighty all of a sudden.
The orc warlord roars a battlecry!
The orc warrior goes into a battle-frenzy!
Okay, then.
You hit the orc warlord. You burn the orc warlord.
The orc warlord is heavily wounded.
You completely miss the orc warrior. The orc warrior barely misses you.
You closely miss the orc warrior. You slash the orc warlord!
You burn the orc warlord. You barely miss the orc warrior.
You barely miss the orc. The orc hits you but does no damage.
You block the orc warrior's attack.
The orc warlord hits you with a +6 battleaxe!
* * * LOW HITPOINT WARNING * * *
The orc warrior hits you with a +0 broad axe!
* * * LOW HITPOINT WARNING * * *
You are confused.
You feel invigorated. The orc hits you but does no damage.
The orc warrior hits you but does no damage.
The orc warlord barely misses you.
The orc warrior hits you but does no damage.
Unknown command.
The orc warlord attacks as you move away!
The orc warlord hits you with a +6 battleaxe!
You die...

##)####......g....
##[))..##...g.....#
#.))....#.......o.
##.......##.......
#.........# ...o..
##.........## ...# ...
#.....⌠.....###'### ..⌠.
##.........##88.88##
.... #......o@o#..o....#
.....
##.....oo##.......##....
#.......).........'...
##.....##.........##.
#######..)..⌠.....#
##.).......##
#.........# ##.......##
#.......#


You could see an orc warlord, 2 orc warriors and an orc (strong).

Vanquished Creatures
  2 two-headed ogres
  Prince Ribbit (D:9)
  A shadow (D:9)
  4 yaks (D:5)
  A steam dragon (D:8)
  A water moccasin (D:8)
  8 orc warriors
  2 sky beasts
  3 centaurs
  The ghost of Dittersdorf the Shield-Bearer, an amateur GrFi (D:3)
  A phantom (D:5)
  A kobold brigand (D:5)
  6 bullfrogs
  2 scorpions
  4 wights (D:8)
  5 killer bees (D:8)
  A howler monkey (D:5)
  2 hounds (D:7)
  6 jellies
  6 orc priests
  4 iguanas (D:6)
  3 sleepcaps
  8 orc wizards
  8 mummies (Ossuary)
  15 gnolls
  10 adders
  A white imp (D:6)
  An ufetubus (D:6)
  4 dart slugs
  34 orcs
  11 endoplasms
  2 giant cockroaches (D:1)
  17 goblins
  8 hobgoblins
  3 quokkas
  3 ball pythons
  10 bats
  2 frilled lizards
  2 hobgoblin zombies (Ossuary)
  16 kobolds
  A kobold zombie (Ossuary)
  5 orc zombies (Ossuary)
  A quokka zombie (D:8)
  A rat (D:3)
  A rat zombie (D:8)
229 creatures vanquished.

Notes
Turn   | Place    | Note
-------+----------+-------------------------------------------
     0 | D:1      | bande the Gargoyle Fighter began the quest for the Orb.
     0 | D:1      | Reached XP level 1. HP: 14/14 MP: 1/1
    13 | D:1      | Found a faded altar of an unknown god.
   137 | D:1      | Reached XP level 2. HP: 19/19 MP: 2/2
   296 | D:1      | Reached skill level 2 in Axes
   708 | D:2      | Reached XP level 3. HP: 23/23 MP: 3/3
   811 | D:2      | Reached XP level 4. HP: 26/29 MP: 4/4
  1145 | D:3      | Learned a level 2 spell: Blink
  1171 | D:3      | Reached skill level 3 in Axes
  1499 | D:2      | Reached XP level 5. HP: 20/33 MP: 5/5
  1757 | D:3      | Found a runed translucent gate.
  1757 | D:3      | Found a runed translucent gate.
  1757 | D:3      | Found a runed translucent gate.
  1758 | D:3      | Noticed Dittersdorf's ghost (amateur GrFi)
  1786 | D:3      | You fall into a shaft and drop 1 floor!
  1803 | D:4      | Identified a scroll of acquirement
  1803 | D:4      | Acquired a +1 pair of gloves of infusion
  1847 | D:4      | Reached skill level 1 in Translocations
  2095 | D:4      | Reached skill level 4 in Axes
  2095 | D:4      | Reached XP level 6. HP: 38/38 MP: 3/6
  2287 | D:4      | Acquired the +5 broad axe "Goblinslayer" {flame, rN+ Str+4}
  2303 | D:4      | Found an ancient bone altar of Kikubaaqudgha.
  2693 | D:5      | Entered Level 5 of the Dungeon
  2775 | D:5      | Reached XP level 7. HP: 40/43 MP: 3/7
  2898 | D:3      | Found a burning altar of Makhleb.
  2899 | D:3      | Found a blossoming altar of Fedhas.
  2964 | D:3      | Killed Dittersdorf's ghost
  2965 | D:3      | Reached skill level 5 in Axes
  2965 | D:3      | Reached skill level 1 in Evocations
  3231 | D:5      | Identified the +0 quarterstaff of Resourcefulness {heavy,
                  | Will+ rCorr Str+3}
  3256 | D:5      | Found a staircase to the Ecumenical Temple.
  3297 | Temple   | Entered the Ecumenical Temple
  3394 | D:5      | Found an iron altar of Okawaru.
  3402 | D:5      | Became a worshipper of Warmaster Okawaru
  3789 | D:6      | Noticed a yak
  3789 | D:6      | Noticed a yak
  3822 | D:5      | Killed a yak
  3823 | D:5      | Reached skill level 5 in Armour
  3823 | D:5      | Reached skill level 1 in Invocations
  3823 | D:5      | Reached XP level 8. HP: 45/48 MP: 5/8
  3849 | D:6      | Noticed a yak
  3850 | D:6      | Noticed a yak
  3854 | D:5      | Reached * piety under Okawaru
  3857 | D:5      | Killed a yak
  3858 | D:5      | Reached skill level 6 in Axes
  4069 | D:5      | Killed a yak
  4070 | D:5      | Killed a yak
  4070 | D:5      | Reached ** piety under Okawaru
  4314 | D:6      | Reached XP level 9. HP: 53/53 MP: 8/11
  4441 | D:6      | Reached skill level 5 in Fighting
  5130 | D:7      | Reached *** piety under Okawaru
  5183 | D:7      | Reached skill level 7 in Axes
  6179 | D:8      | Noticed a two-headed ogre
  6185 | D:8      | Killed a two-headed ogre
  6185 | D:8      | Reached **** piety under Okawaru
  6186 | D:8      | Reached XP level 10. HP: 44/60 MP: 8/13
  6279 | D:8      | Reached skill level 8 in Axes
  6279 | D:8      | Reached skill level 5 in Shields
  6456 | D:8      | Found a sand-covered staircase.
  6465 | Ossuary  | Entered an ossuary
  7339 | D:9      | Noticed Prince Ribbit
  7349 | D:9      | Killed Prince Ribbit
  7387 | D:9      | Noticed a two-headed ogre
  7388 | D:9      | Found a flagged portal.
  7396 | D:9      | Killed a two-headed ogre
  7396 | D:9      | Reached ***** piety under Okawaru
  7396 | D:9      | Identified the +6 scale mail of Okawaru, Grinning {+Inv
                  | rPois Will+ Stlth+} (Okawaru gifted it to you on level 9 of
                  | the Dungeon)
  7396 | D:9      | Received a gift from Okawaru
  7397 | D:9      | Reached skill level 5 in Translocations
  7397 | D:9      | Reached skill level 5 in Invocations
  7427 | Bailey   | Entered a bailey
  8331 | Bailey   | Acquired a manual of Armour
  8365 | Bailey   | Noticed an orc warlord
  8388 | Bailey   | Slain by an orc warlord

Illustrated notes

Levels and vault maps discovered:
D:1:      tarquinn_simple_flora_water_d, layout_loops_ring,
          basic_ecumenical_altar
D:2:      layout_rooms, minmay_pentomino_r4
D:3:      layout_rooms, minitemple, gammafunk_ghost_split,
          minmay_randomly_rotated_circles
D:4:      layout_basic, mainiacjoe_overflow_boulevard
D:5:      layout_rooms, mainiacjoe_overflow_24_doors, temple_fountains
D:6:      layout_rooms
D:7:      layout_cave_pods, serial_park_tiny_pond, minmay_fountain_box
D:8:      layout_rooms, serial_aquarium, aquarium_bridge_island_small
          [aquarium_subvault_small_open, aquarium_subvault_wall,
          aquarium_subvault_wall, aquarium_subvault_bridge,
          aquarium_subvault_wall], aquarium_window_1, aquarium_window_fake,
          aquarium_window_2, aquarium_window_2, aquarium_view_2c,
          aquarium_view_2g, aquarium_balcony_5a, enter_ossuary_4
D:9:      layout_rooms, minmay_lair_entry_grove, enter_bailey_3, serial_rivers,
          chequers_serial_rivers_micro_d, chequers_serial_rivers_small_3,
          chequers_serial_rivers_micro_a, chequers_serial_rivers_micro_e,
          nrook_mini_backslash, uniq_prince_ribbit1, uniq_harold
Temple:   sentei_temple_godly_chess
Bailey:   bailey_axe_minmay_hex_keep, bailey

Skill      XL: |  1  2  3  4  5  6  7  8  9 10 |
---------------+-------------------------------+-----
Axes           | 2 3 4 5 6 7 8 |  8.8
Shields        | 4 5 |  5.2
Translocations | 1 2 3 4 5 |  5.2
Fighting       | 4 5 6 |  6.6
Armour         | 4 5 6 7 |  7.1
Evocations     | 1 2 3 4 |  4.8
Invocations    | 1 2 4 5 |  5.3

Action                     |  1- 3 |  4- 6 |  7- 9 | 10-12 || total
---------------------------+-------+-------+-------+-------++-------
  Melee: War axe           |    67 |   118 |       |       ||   185
         Broad axe         |       |    25 |   140 |   128 ||   293
    Use: Scroll            |       |    11 |     7 |     8 ||    26
         Potion            |       |       |       |     3 ||     3
 Armour: Scale mail        |    41 |    99 |       |    42 ||   182
         Chain mail        |       |       |    88 |    76 ||   164
  Dodge: Dodged            |    34 |    56 |    57 |    85 ||   232
  Block: Buckler           |    16 |    37 |    41 |    39 ||   133

Table legend: (Time is in decaauts)
 A = Elapsed time spent in this place.
 B = Non-inter-level travel time spent in this place.
 C = Inter-level travel time spent in this place.
 D = Time resting spent in this place.
 E = Time spent auto-exploring this place.
 F = Levels seen in this place.
 G = Mean time per level.
                   A        B        C        D        E       F      G
               +--------+--------+--------+--------+--------+-----+--------+
         Total |   8549 |   8328 |    221 |   1950 |   4504 |  12 |  712.4 |
       Dungeon |   7068 |   6847 |    221 |   1083 |   4232 |   9 |  785.3 |
        Temple |     19 |     19 |      0 |      0 |      0 |   1 |   19.0 |
       Ossuary |    487 |    487 |      0 |    216 |    166 |   1 |  487.0 |
        Bailey |    974 |    974 |      0 |    651 |    106 |   1 |  974.0 |
               +--------+--------+--------+--------+--------+-----+--------+

Top non-repeatable levels by time:
     D:7: 1041 daAuts
     D:5: 985 daAuts
  Bailey: 974 daAuts
     D:4: 962 daAuts
     D:8: 938 daAuts
     D:6: 884 daAuts
     D:3: 821 daAuts
     D:1: 700 daAuts
     D:2: 608 daAuts
 Ossuary: 487 daAuts
     D:9: 125 daAuts
  Temple: 19 daAuts
